 Dungeon Crawl Stone Soup version 0.29.1-2-gbd0b4ee654 (webtiles) character file.

Game seed: 9692235397458870849

10511 xian the Basher (level 11, -8/83 HPs)
             Began as a Demonspawn Wanderer on Nov 29, 2022.
             Was a Priest of Wu Jian.
             Killed from afar by a swamp worm (10 damage)
             ... with a harpoon shot
             ... on level 11 of the Dungeon.
             The game lasted 00:35:59 (9744 turns).

xian the Basher (Demonspawn Wanderer)               Turns: 9744, Time: 00:36:02

Health: -8/83      AC: 18    Str: 13    XL:     11   Next: 37%
Magic:  24/24      EV: 13    Int: 20    God:    Wu Jian [***...]
Gold:   661        SH:  6    Dex: 15    Spells: 12/16 levels left

rFire   + . .      SeeInvis .   x - +6 morningstar "Demonspawn's Foe" {vamp, Contam rElec Will+}
rCold   . . .      Faith    .   (no shield)
rNeg    . . .      Spirit   .   H - +4 ring mail
rPois   .          Reflect  .   I - +0 hat
rElec   +          Harm     .   j - +1 cloak of a Gauntlet {Drain rCorr Int+5}
rCorr   +          Rampage  .   b - +2 pair of gloves
Will    +....                   N - +2 pair of boots {rF+}
Stlth   ++........              d - amulet of regeneration
HPRegen 1.03/turn               E - ring of magical power
MPRegen 0.19/turn               P - ring of wizardry

@: lethally poisoned (-8 -> -43), slowed, studying Shields, very slow
A: antennae 2, large bone plates 2, demonic guardian 1
a: Renounce Religion, Wall Jump, Serpent's Lash


You were on level 11 of the Dungeon.
You worshipped Wu Jian.
Wu Jian was most pleased with you.
You visited 1 branch of the dungeon, and saw 11 of its levels.

You collected 1028 gold pieces.
You spent 367 gold pieces at shops.

Inventory:

Hand Weapons
 e - a +6 vorpal hand axe
 x - the +6 morningstar "Demonspawn's Foe" (weapon) {vamp, Contam rElec Will+}
   (You found it on level 5 of the Dungeon)

   It occasionally heals its wielder for a portion of the damage dealt when it
   wounds a living foe.
   rElec:     It insulates you from electricity.
   Contam:    It causes magical contamination when unequipped.
   Will:      It increases your willpower.
Missiles
 m - 19 poisoned darts (quivered)
 D - 4 boomerangs
 K - 3 curare-tipped darts
Armour
 b - a +2 pair of gloves (worn)
 h - a scarf of repulsion
 j - the +1 cloak of a Gauntlet (worn) {Drain rCorr Int+5}
   (You found it on level 3 of the Dungeon)

   Int:       It affects your intelligence (+5).
   rCorr:     It protects you from acid and corrosion.
   Drain:     It drains your maximum health when unequipped.
 n - a +3 leather armour of poison resistance
 H - a +4 ring mail (worn)
 I - a +0 hat (worn)
 N - a +2 pair of boots of fire resistance (worn)
Jewellery
 d - an amulet of regeneration (around neck)
 E - a ring of magical power (left hand)
 P - a ring of wizardry (right hand)
 Q - a ring of protection from fire
Wands
 o - a wand of flame (27)
 y - a wand of paralysis (20)
 C - a wand of light (17)
 R - a wand of polymorph (11)
 S - a wand of digging (1)
Scrolls
 a - 6 scrolls of teleportation
 i - 2 scrolls of blinking
 k - a scroll of silence
 q - 2 scrolls of enchant armour
 s - 2 scrolls of fog
 t - a scroll of summoning {unknown}
 u - 4 scrolls of magic mapping
 v - 3 scrolls of vulnerability {unknown}
 G - 2 scrolls of poison
 J - 3 scrolls of enchant weapon {unknown}
 L - a scroll of immolation
Potions
 c - a potion of attraction
 f - a potion of resistance {unknown}
 g - 4 potions of brilliance
 l - a potion of heal wounds {unknown}
 p - 3 potions of mutation {unknown}
 r - a potion of lignification {unknown}
 w - 2 potions of magic {unknown}
 z - 4 potions of flight {unknown}
 A - 3 potions of invisibility {unknown}
 B - a potion of curing
 F - a potion of degeneration {unknown}
 M - a potion of cancellation {unknown}
 O - a potion of berserk rage {unknown}


   Skills:
 + Level 6.7 Fighting
 + Level 6.2(8.9) Axes
 + Level 9.8(10.6) Maces & Flails
 + Level 0.9 Throwing
 + Level 5.4 Armour
 + Level 6.2 Dodging
 + Level 3.4 Stealth
 + Level 4.0 Shields
 + Level 3.2 Spellcasting
 + Level 3.1 Hexes


You had 12 spell levels left.
You knew the following spells:

 Your Spells              Type           Power      Damage    Failure   Level
a - Slow                  Hex            60%        N/A       3%          1
b - Confusing Touch       Hex            15%        N/A       9%          3

Your spell library contained the following spells:

 Spells                   Type           Power      Damage    Failure   Level
 Fulminant Prism          Conj/Hex       4%         3d6       47%         4
 Iskenderun's Mystic Bla  Conj/Tloc      3%         2d3       69%         4
 Fireball                 Conj/Fire      1%         3d3       95%         5
 Iskenderun's Battlesphe  Conj           3%         2d6       95%         5
 Lee's Rapid Deconstruct  Erth           1%         3d5*      95%         5
 Summon Forest            Summ/Tloc      1%         N/A       95%         5
 Conjure Ball Lightning   Conj/Air       1%         3x3d6     100%        6
 Eringya's Noxious Bog    Tmut/Pois      1%         N/A       100%        6
 Orb of Destruction       Conj           1%         9d5       100%        7
 Summon Hydra             Summ           1%         N/A       100%        7


Dungeon Overview and Level Annotations

Branches:
Dungeon (11/15)            Temple (0/1) D:7             Orc (0/2) D:10
   Lair: D:8-11

Altars:
Ashenzari
Fedhas
Gozag
Hepliaklqana
Kikubaaqudgha
Makhleb
Sif Muna
Trog
Uskayaw
Wu Jian
Xom
Yredelemnul

Shops:
D:8 ?=??   D:9 *

Annotations:
D:5 Menkaure
D:11 1 transporter


Innate Abilities, Weirdness & Mutations

You have a pair of antennae on your head.
You are mostly covered in large bone plates. (SH +6)
A weak demonic guardian rushes to your aid.


Message History

You hit the briar patch.
You destroy the briar patch!
The swamp worm fires a harpoon shot at you.
The harpoon shot hits you.
You are yanked forward by the harpoon shot.
You violently stop moving!
A demonic guardian appears!
The swamp worm fires a harpoon shot at you.
You block the harpoon shot.
The swamp worm fires a harpoon shot at you.
The harpoon shot hits you but does no damage.
The swamp worm fires a harpoon shot at you.
The harpoon shot misses you.
You hit the briar patch.
The briar patch is heavily damaged.
You are engulfed in dark miasma.
You are poisoned.
You feel yourself slow down.
You feel very sick.
The swamp worm fires a harpoon shot at you.
The harpoon shot misses you.
The swamp worm fires a harpoon shot at you.
The harpoon shot hits you but does no damage.
You hit the briar patch.
The briar patch is severely damaged.
You are engulfed in dark miasma.
You are more poisoned.
You feel as though you will be slow longer.
You feel extremely sick.
The swamp worm fires a harpoon shot at you.
The harpoon shot hits you.
You are yanked forward by the harpoon shot.
You violently stop moving!
You hit the briar patch but do no damage.
You are engulfed in dark miasma.
You are lethally poisoned!
* * * LOW HITPOINT WARNING * * *
x2 You feel extremely sick.
The swamp worm fires a harpoon shot at you.
The harpoon shot hits you!
You die...

#.# #.#...# ###.#...## #.#
#.....#........... #.#
##..))#####.#...#.
#.######..).).## #.##.##.
#.##........)..###.##.###
#.##.#########.....##.#
#....##w#♣#w##...####+##
#.....>.####≈§#≈≈≈≈##.#.##...##
#.#####.# #PP@PPP.P#.##......#
#©#© +°^^^^5^©#©##.......
#.#=$#PPP○PPPP#.#........
#.####≈≈≈#§≈§##.......>..
#....#w#♣#w#♣#...........
#.#..#########.###.......
#............†.# ##.....#
........###.###...# ##...##
###.##### #)......######+##


You could see 4 swamp worms and a friendly ufetubus (summoned).

Vanquished Creatures
  A hydra (D:9)
  3 two-headed ogres
  Lodul (D:10)
  Joseph (D:7)
  A kobold demonologist (D:9)
  A hornet (D:8)
  A vampire (D:10)
  2 shadows
  Sigmund (D:5)
  Eustachio (D:5)
  A wraith (D:11)
  2 acid dragons
  3 water moccasins
  A sky beast (D:7)
  5 orc warriors
  2 ice beasts
  A black bear (D:5)
  10 ogres
  3 phantoms
  4 centaurs
  2 bullfrogs
  A kobold brigand (D:9)
  A gnoll sergeant (D:6)
  2 scorpions
  A necrophage (D:8)
  16 wights
  3 killer bees (D:8)
  6 howler monkeys
  5 electric eels (D:8)
  A gnoll bouda (D:8)
  A bullfrog skeleton (D:5)
  8 orc priests
  5 hounds
  3 iguanas
  2 orc wizards (D:7)
  Ijyb (D:3)
  Natasha (thrice) (D:4)
  Terence (D:3)
  6 ogre zombies (D:10)
  7 gnolls
  9 adders
  A shadow imp (D:6)
  3 white imps
  A worm (D:2)
  3 dart slugs
  28 orcs
  7 bats
  5 endoplasms
  A giant cockroach (D:2)
  8 goblins
  5 hobgoblins
  2 jackals (D:3)
  12 kobolds
  3 quokkas
  2 ball pythons (D:2)
  4 frilled lizards
  A goblin skeleton (D:10)
  A goblin zombie (D:10)
  A hobgoblin skeleton (D:10)
  4 hobgoblin zombies (D:10)
  An orc skeleton (D:10)
  11 orc zombies (D:10)
  5 rats
  A briar patch (D:11)
239 creatures vanquished.

Vanquished Creatures (collateral kills)
  A steam dragon (D:7)
  An acid dragon (D:9)
  An orc priest (D:3)
  An orc wizard (D:3)
  A gnoll (D:6)
  5 orcs
  2 quokkas
12 creatures vanquished.

Grand Total: 251 creatures vanquished

Notes
Turn   | Place    | Note
-------+----------+-------------------------------------------
     0 | D:1      | xian the Demonspawn Wanderer began the quest for the Orb.
     0 | D:1      | xian set off with the following items: a +2 hand axe, a +0
                  | pair of gloves, a potion of attraction, a +0 robe; and the
                  | following spell memorised: Slow; and the following spells
                  | available to memorise: Confusing Touch.
     0 | D:1      | Reached XP level 1. HP: 15/15 MP: 2/2
   196 | D:1      | Gained mutation: You have a pair of small antennae on your
                  | head. [demonic ancestry]
   196 | D:1      | Reached XP level 2. HP: 14/21 MP: 3/3
  1311 | D:2      | Gained mutation: You are partially covered in large bone
                  | plates. (SH +4) [demonic ancestry]
  1311 | D:2      | Reached XP level 3. HP: 21/26 MP: 4/4
  1478 | D:2      | Found a faded altar of an unknown god.
  1515 | D:2      | Reached XP level 4. HP: 4/32 MP: 5/5
  2451 | D:3      | Noticed Terence
  2533 | D:3      | Killed Terence
  2647 | D:3      | Identified the +1 cloak of a Gauntlet {Drain rCorr Int+5}
  2708 | D:3      | Found a shimmering blue altar of Sif Muna.
  2772 | D:3      | Gained mutation: A weak demonic guardian rushes to your
                  | aid. [demonic ancestry]
  2772 | D:3      | Reached XP level 5. HP: 21/37 MP: 6/6
  2923 | D:3      | Noticed Ijyb
  2935 | D:3      | Killed Ijyb
  3040 | D:3      | Found a shimmering altar of Xom.
  3288 | D:4      | Reached XP level 6. HP: 44/44 MP: 7/7
  3332 | D:4      | Reached skill level 1 in Stealth
  3515 | D:4      | Noticed Natasha
  3524 | D:4      | Killed Natasha
  3604 | D:4      | Noticed Natasha
  3615 | D:4      | Killed Natasha
  3741 | D:4      | Noticed Natasha
  3748 | D:4      | Killed Natasha
  3749 | D:4      | Reached XP level 7. HP: 46/51 MP: 9/9
  3784 | D:5      | Entered Level 5 of the Dungeon
  3883 | D:5      | Reached skill level 5 in Axes
  3940 | D:5      | Noticed Eustachio
  3958 | D:5      | Killed Eustachio
  3959 | D:5      | Reached skill level 1 in Shields
  4141 | D:5      | Found a transporter.
  4146 | D:5      | Found a transporter.
  4152 | D:5      | Noticed Menkaure
  4152 | D:5      | Found a basalt altar of Yredelemnul.
  4152 | D:5      | Found an ancient bone altar of Kikubaaqudgha.
  4153 | D:5      | Noticed a vampire
  4251 | D:5      | Gained mutation: You are mostly covered in large bone
                  | plates. (SH +6) [demonic ancestry]
  4251 | D:5      | Reached XP level 8. HP: 58/58 MP: 11/11
  4269 | D:5      | Noticed Sigmund
  4298 | D:5      | Killed Sigmund
  4318 | D:5      | Identified the +6 morningstar "Demonspawn's Foe" {vamp,
                  | Contam rElec Will+}
  4997 | D:6      | Reached skill level 1 in Maces & Flails
  5184 | D:6      | Reached skill level 2 in Maces & Flails
  5184 | D:6      | Reached skill level 5 in Dodging
  5256 | D:6      | Reached skill level 3 in Maces & Flails
  5557 | D:6      | Found an ornate altar of the Wu Jian Council.
  5755 | D:7      | Reached XP level 9. HP: 22/65 MP: 13/13
  5859 | D:7      | Found a blossoming altar of Fedhas.
  5965 | D:7      | Found a hazy altar of Hepliaklqana.
  6040 | D:7      | Found a bloodstained altar of Trog.
  6100 | D:7      | Reached skill level 4 in Maces & Flails
  6120 | D:6      | Became a worshipper of the Wu Jian Council
  6185 | D:7      | Noticed Joseph
  6208 | D:7      | Killed Joseph
  6442 | D:7      | Found a staircase to the Ecumenical Temple.
  6505 | D:7      | You fall into a shaft and drop 3 floors!
  6505 | D:10     | Entered Level 10 of the Dungeon
  6624 | D:9      | Noticed a two-headed ogre
  6641 | D:9      | Noticed a four-headed hydra
  6665 | D:9      | Killed a four-headed hydra
  6666 | D:9      | Reached skill level 5 in Maces & Flails
  6745 | D:9      | Found Qoonlupn's Fire Supplies.
  6760 | D:9      | Bought a +2 pair of boots of fire resistance for 236 gold
                  | pieces
  6802 | D:9      | Killed a two-headed ogre
  6803 | D:9      | Reached skill level 6 in Maces & Flails
  6803 | D:9      | Reached XP level 10. HP: 54/73 MP: 14/14
  6970 | D:9      | Noticed a two-headed ogre
  6981 | D:9      | Killed a two-headed ogre
  6982 | D:9      | Reached skill level 5 in Fighting
  6982 | D:9      | Reached skill level 5 in Armour
  7003 | D:9      | Learned a level 3 spell: Confusing Touch
  7284 | D:9      | Found a broken altar of Ashenzari.
  7292 | D:9      | Reached skill level 7 in Maces & Flails
  7498 | D:10     | Reached * piety under Wu Jian
  7646 | D:10     | Found a staircase to the Orcish Mines.
  7693 | D:10     | Noticed Lodul
  7704 | D:10     | Reached skill level 8 in Maces & Flails
  7792 | D:10     | Killed Lodul
  7843 | D:10     | Reached ** piety under Wu Jian
  8086 | D:10     | Gained mutation: You have a pair of antennae on your head.
                  | [demonic ancestry]
  8086 | D:10     | Reached XP level 11. HP: 81/81 MP: 15/15
  8136 | D:10     | Noticed a two-headed ogre
  8148 | D:10     | Killed a two-headed ogre
  8149 | D:10     | Reached skill level 9 in Maces & Flails
  8170 | D:10     | Found a burning altar of Makhleb.
  8577 | D:8      | Found Ycaymois's Magic Scroll Emporium.
  8582 | D:8      | Bought a scroll of magic mapping for 105 gold pieces
  8648 | D:8      | Found Edweh's Magic Scroll Emporium.
  8652 | D:8      | Bought a scroll of identify for 26 gold pieces
  8714 | D:8      | Reached *** piety under Wu Jian
  8819 | D:8      | Found Xidwonec's Jewellery Shoppe.
  8833 | D:8      | Found Utwyo's Magic Scroll Shoppe.
  8877 | D:8      | Found an opulent altar of Gozag.
  8890 | D:8      | Found a hide-covered altar of Uskayaw.
  9618 | D:11     | Found a transporter.
  9679 | D:11     | Found a transporter.
  9744 | D:11     | HP: 2/83 [poison (dark miasma)]
  9744 | D:11     | Killed from afar by a swamp worm

Illustrated notes

Levels and vault maps discovered:
D:1:      dpeg_arrival_water_temple_mockup, layout_basic, nrook_mini_backslash,
          minmay_tree_intersection, bh_walls_and_bars
D:2:      layout_basic, nicolae_ecumenical_snake_handling
D:3:      layout_basic, mainiacjoe_overflow_24_doors,
          mainiacjoe_overflow_six_doors_small, grunt_decor_mini_mirrors,
          minmay_crystal_room, uniq_terence, uniq_ijyb
D:4:      layout_basic, uniq_natasha
D:5:      black_bear_nest_2, layout_basic, gammafunk_temple_of_torment,
          nicolae_fountain_basement, uniq_sigmund, uniq_eustachio
D:6:      layout_basic, lemuel_tele_altar, kennysheep_small_circle
D:7:      layout_gridville, amcnicky_altar_gilded, minitemple,
          minmay_temple_entry_glassed_door, uniq_joseph, uniq_menkaure
D:8:      layout_loops_cross, nicolae_overflow_squiral, serial_shops,
          kennysheep_mini, shop, nicolae_shop_crystal, shop,
          kennysheep_cross_room
D:9:      layout_basic, ashenzari_altar_1, nicolae_shop_fire_sale
          [nicolae_sub_dead_trees]
D:10:     layout_loops_ring, lightli_temple_of_fire, zombieorc1_lemuel,
          hangedman_abyss_or_decor_lesser_grid, uniq_lodul
D:11:     gammafunk_worm_tunnel, layout_loops_corners, lair_entry_dummy

Skill      XL: |  1  2  3  4  5  6  7  8  9 10 11 |
---------------+----------------------------------+-----
Dodging        | 3 4 5 6 |  6.2
Axes           | 3 4 5 6 |  6.2
Armour         | 2 3 4 5 |  5.4
Stealth        | 1 2 3 |  3.4
Fighting       | 2 3 4 6 |  6.7
Shields        | 1 2 3 4 |  4.0
Spellcasting   | 2 3 |  3.2
Hexes          | 2 3 |  3.1
Maces & Flails | 3 6 8 9 |  9.8
Throwing       | |  0.9

Action                   |  1- 3 |  4- 6 |  7- 9 | 10-12 || total
-------------------------+-------+-------+-------+-------++-------
Melee: Hand axe          |   103 |   150 |    65 |       ||   318
       Punch             |     1 |       |     6 |     7 ||    14
       Morningstar       |       |       |   179 |   450 ||   629
Throw: Dart              |       |       |     3 |     5 ||     8
 Cast: Slow              |     1 |    11 |    11 |     4 ||    27
       Confusing Touch   |       |       |       |     2 ||     2
Invok: Lunge             |       |       |       |    32 ||    32
       Whirlwind         |       |       |       |    16 ||    16
  Use: Scroll            |     1 |     7 |     2 |     3 ||    13
       Potion            |       |     4 |       |     1 ||     5
 Stab: Distracted        |       |     1 |     1 |     1 ||     3
       Sleeping          |       |       |       |     2 ||     2
       Confused          |       |       |       |     1 ||     1
Armor: Robe              |    21 |       |       |       ||    21
       Leather armour    |    19 |    56 |    85 |       ||   160
       Ring mail         |       |       |    56 |   125 ||   181
Dodge: Dodged            |    85 |    75 |   200 |   208 ||   568
Block: Other             |     7 |    20 |    99 |   104 ||   230
